Map: Polka LE

Players

Jeemix

  • Race: Zerg Zerg
  • League: Diamond
  • Spawn Location: 11:00

Aear

  • Race: Terran Terran
  • Spawn Location: 11:00

qqq - Winner!

  • Race: Zerg Zerg
  • League: Platinum
  • Spawn Location: 5:00

Massa - Winner!

  • Race: Terran Terran
  • League: Platinum
  • Spawn Location: 5:00

VOD

Have the link to the VOD?

Description

Time

  • Played on: Jan. 4, 2021, 3:03 p.m.
  • Length: 5:23
Show
View Real Time Build Order
Export as new Build Order

Jeemix Zerg 

Build Orders: Pool First 

Get SALT Encoding   

  12  0:18  Spawning Pool  
  11  0:21  Drone  
  12  0:28  Drone  
  12  0:31  Drone  
  14  0:40  Overlord  
  14  1:04  Zergling x2  
  14  1:05  Zergling x4  
  17  1:16  Zergling x2  
  18  1:32  Zergling x2  
  19  1:43  Overlord  
  19  1:44  Extractor  
  19  1:46  Hatchery  
  17  1:48  Drone  
  18  1:59  Drone  
  19  2:19  Drone  
  19  2:34  Drone  
  19  2:35  Drone  
  20  2:44  Drone  
  20  2:54  Drone  
  20  2:57  Extractor  
  20  2:58  Queen  
  22  2:59  Queen  
  22  3:00  Drone  
  22  3:03  Drone  
  26  3:09  Drone  
  27  3:23  Drone  
  28  3:27  Drone x2  
  28  3:29  Hatchery  
  28  3:31  Drone  
  30  3:45  Lair  
  30  3:47  Drone x3  
  33  3:55  Drone  
  34  3:58  Extractor  
  34  3:59  Drone  
  34  4:00  Extractor  
  33  4:12  Drone x2  
  35  4:19  Overlord x2  
  34  4:46  Spore Crawler  
  32  4:55  Spire  
Show
View Real Time Build Order
Export as new Build Order

Aear Terran 

Build Orders:  

Get SALT Encoding   

  12  0:01  SCV  
  13  0:13  SCV  
  14  0:18  Supply Depot  
  14  0:25  SCV  
  15  0:40  SCV  
  15  0:41  Barracks  
  16  0:48  Refinery  
  16  0:52  SCV  
  17  0:57  Refinery  
  17  1:07  SCV  
  18  1:19  SCV  
  18  1:21  Supply Depot  
  19  1:33  Supply Depot  
  19  1:34  Barracks  
  19  1:38  Reaper  
  20  1:42  SCV  
  21  1:54  SCV  
  22  2:10  Orbital Command  
  22  2:13  Reaper  
  23  2:21  Reaper  
  24  2:45  Reaper  
  25  2:53  Reaper  
  26  3:09  Command Center  
  26  3:11  Factory  
  27  3:24  SCV  
  28  3:28  Supply Depot  
  28  3:29  Barracks Reactor  
  28  3:31  Barracks Tech Lab  
  27  3:36  SCV  
  28  3:48  SCV  
  28  3:49  Engineering Bay  
  29  4:01  SCV  
  29  4:02  Marine  
  28  4:15  Widow Mine, Marine  
  28  4:16  Marine  
  30  4:20  Orbital Command, Marine  
  31  4:33  Marine  
  31  4:34  Marine  
  31  4:38  Factory Tech Lab, Marine  
  34  4:51  Marine x2  
  36  4:56  Marine  
  37  5:04  Starport  
  37  5:15  Barracks  
Show
View Real Time Build Order
Export as new Build Order

qqq Zerg - Winner!

Build Orders: Hatch First 

Get SALT Encoding   

  12  0:04  Drone  
  13  0:12  Drone  
  14  0:18  Overlord  
  14  0:48  Hatchery  
  13  1:03  Drone x2  
  13  1:04  Drone  
  16  1:16  Drone  
  17  1:19  Spawning Pool  
  17  1:22  Extractor  
  15  1:33  Drone  
  16  1:43  Drone  
  17  1:47  Drone  
  18  2:02  Drone  
  18  2:05  Drone  
  18  2:06  Queen  
  18  2:07  Queen  
  24  2:14  Drone  
  25  2:17  Zergling x2  
  26  2:26  Zergling x2  
  26  2:29  Zergling x2  
  28  2:36  Metabolic Boost  
  28  2:40  Overlord  
  28  2:41  Overlord  
  28  2:49  Overlord  
  28  3:00  Zergling x2  
  29  3:07  Drone x3  
  29  3:10  Lair  
  29  3:12  Zergling x2  
  33  3:21  Zergling x2  
  33  3:22  Drone  
  35  3:31  Zergling x2  
  36  3:37  Drone  
  37  3:45  Zergling x6  
  37  3:47  Zergling x2  
  41  3:57  Zergling x2  
  41  3:58  Zergling x2  
  42  4:14  Zergling x4  
  42  4:15  Zergling x4  
  46  4:27  Zergling x2  
  46  4:28  Zergling x2  
  48  4:31  Zergling x6  
  48  4:33  Overlord  
  48  4:37  Drone  
  52  4:42  Overlord  
  52  4:47  Hatchery  
  50  4:56  Zergling x2  
  50  4:57  Zergling x4  
  50  4:58  Drone x2  
  55  5:18  Hatchery  
  55  5:20  Spire  
Show
View Real Time Build Order
Export as new Build Order

Massa Terran - Winner!

Build Orders:  

Get SALT Encoding   

  12  0:00  SCV  
  13  0:12  SCV  
  14  0:19  Supply Depot  
  14  0:24  SCV  
  15  0:41  SCV  
  16  0:42  Barracks  
  16  0:51  Refinery  
  16  0:53  SCV  
  16  0:56  Refinery  
  17  1:05  SCV  
  18  1:19  SCV  
  19  1:28  Barracks  
  19  1:31  Marine, Supply Depot  
  20  1:45  Orbital Command  
  20  1:55  Marine, Supply Depot  
  21  2:13  Marine  
  22  2:20  Marine  
  23  2:31  Marine  
  24  2:38  Marine  
  24  2:46  SCV  
  24  2:49  Marine  
  26  2:56  Marine  
  26  2:58  SCV  
  28  3:01  Factory  
  28  3:23  Command Center  
  28  3:28  SCV  
  29  3:40  SCV  
  30  3:46  Barracks Tech Lab, Factory Tech Lab  
  30  3:47  Barracks Reactor  
  30  3:57  Supply Depot x2  
  30  4:00  SCV  
  31  4:08  Marine  
  31  4:12  SCV  
  32  4:21  Siege Tank  
  35  4:26  Starport, Marine  
  35  4:30  SCV  
  37  4:33  Marine x2  
  39  4:42  SCV  
  39  4:44  Marauder  
  42  4:46  Orbital Command  
  42  4:51  Marine x2  
  44  4:54  SCV  
  44  5:06  SCV  
Tags
 
Add a new tag
Caveats
  • Supply blocks, unpowered buildings, or Contaminate may cause inaccurate times.
  • Supply counts are checked every 10 seconds.